AoeStats
← 竞技场场王

Lombardia

509571380Analyzed
4v4 RM · 6d ago on Sep 27, 2026· 33m 10s· 8 players
Game mode
Random Map
Map size
Large (8 player)
Population
200
Speed
Normal
Resources
Standard
Victory
Conquest
Starting age
Dark Age
Ending age
Imperial Age
RankedLock teamsTeams togetherTeam positionsShared explorationLock speedFull tech treeHidden civsTurbo modeCheats
Victory
Defeat
🇨🇳 Franks · China
1340
+14
🇨🇳 Ethiopians · China
1340
+14
🇨🇳 Varangians · China
1266
+17
🇨🇳 Danes · China
1255
+19
🇨🇳 Sicilians · China
1320
-17
🇯🇵 Byzantines · Japan
1307
-16
🇹🇷 Persians · Türkiye
1294
-16
🇩🇪 Poles · Germany
1284
-15
4♚Dreams
6:08 Loom
10:43 Feudal Age
11:57 Horse Collar
12:05 Double-Bit Axe
16:58 Stone Mining
19:28 Castle Age
20:49 Heavy Plow
21:02 Bow Saw
27:28 Szlachta Privileges
kokowatousaneize
5:28 Loom
12:00 Feudal Age
16:17 Castle Age
17:11 Double-Bit Axe
17:19 Horse Collar
18:14 Bow Saw
23:45 Wheelbarrow
Monk
5:56 Loom
9:19 Feudal Age
14:39 Bloodlines
20:43 Castle Age
18:59 Double-Bit Axe
19:44 Scale Barding Armor
19:41 Gold Mining
20:48 Forging
xpy
7:07 Loom
10:02 Feudal Age
10:32 Double-Bit Axe
10:28 Horse Collar
17:55 Castle Age
16:52 Wheelbarrow
XHK
6:40 Loom
9:18 Feudal Age
10:12 Double-Bit Axe
16:39 Scale Barding Armor
17:22 Forging
22:33 Castle Age
20:46 Gold Mining
22:24 Wheelbarrow
23:19 Husbandry
23:42 Chain Barding Armor
24:16 Bow Saw
30:54 Gold Shaft Mining
35:16 Imperial Age
竞技场场王
10:40 Feudal Age
14:47 Castle Age
13:21 Double-Bit Axe
13:17 Horse Collar
15:28 Scale Barding Armor
23:38 Forging
24:50 Wheelbarrow
25:13 Husbandry
25:44 Bow Saw
29:02 Heavy Plow
31:44 Imperial Age
29:16 Loom
30:04 Hand Cart
29:36 Loom
29:36 Town Watch
30:07 Gold Mining
30:11 Stone Mining
30:35 Bloodlines
32:09 Iron Casting
32:44 Town Patrol
32:35 Cavalier
34:19 Blast Furnace
不太爽
10:42 Feudal Age
9:31 Loom
14:39 Castle Age
13:47 Fletching
13:57 Padded Archer Armor
13:51 Double-Bit Axe
13:48 Horse Collar
14:27 Fletching
14:41 Padded Archer Armor
16:18 Loom
21:00 Bodkin Arrow
25:33 Wheelbarrow
26:23 Ballistics
29:54 Bow Saw
29:47 Heavy Plow
29:47 Gold Mining
30:03 Town Watch
30:45 Leather Archer Armor
31:34 Town Patrol
33:28 Scale Mail Armor
菜菜
5:59 Loom
9:06 Feudal Age
9:50 Double-Bit Axe
13:13 Horse Collar
13:53 Gold Mining
22:48 Castle Age
21:25 Fletching
22:52 Crossbowman
23:43 Bow Saw
23:32 Bodkin Arrow
25:26 Heavy Plow
26:41 Wheelbarrow
28:28 Hand Cart
32:55 Imperial Age
32:19 Gold Shaft Mining
32:19 Ballistics
32:38 Stone Mining
33:03 Arbalester
33:50 Thumb Ring
Connection lost

Rejoining the realm…

Still unreachable

The connection could not be restored.

Session expired

The server has moved on; the page needs a fresh start.